 Dungeon Crawl Stone Soup version 0.27-a0-1548-gf8a67e7463 (webtiles) character file.

Game seed: 9345867008810566227

702 flotson the Skirmisher (level 7, -1/56 HPs)
             Began as a Barachi Delver on July 13, 2021.
             Slain by a gnoll sergeant (10 damage)
             ... on level 5 of the Dungeon.
             The game lasted 00:09:41 (5790 turns).

flotson the Skirmisher (Barachi Delver)             Turns: 5790, Time: 00:09:42

Health: -1/56      AC:  5    Str: 15    XL:     7   Next: 66%
Magic:  7/7        EV: 12    Int: 10    God:
Gold:   210        SH:  0    Dex: 14    Spells: 6/6 levels left

rFire    . . .     SeeInvis .   a - +1 dagger (elec)
rCold    . . .     Faith    .   (no shield)
rNeg     . . .     Spirit   .   l - +0 ring mail
rPois    +         Reflect  .   (no helmet)
rElec    .         Harm     .   (no cloak)
rCorr    .         Rampage  .   (no gloves)
Will     .....                  (no boots)
Stlth    ++........             (no amulet)
HPRegen  0.18/turn              B - ring of poison resistance
MPRegen  0.10/turn              (no ring)

@: unable to hop, hasted, quick
A: amphibious, slowness 1, strong legs 1, +LOS
a: Hop


You were on level 5 of the Dungeon.
You visited 1 branch of the dungeon, and saw 5 of its levels.

You collected 210 gold pieces.

Inventory:

Hand Weapons
 a - a +1 dagger of electrocution (weapon)
 b - a +2 shortbow of freezing
 d - a +0 hand axe
 x - a +2 flail of protection
Missiles
 f - 10 poisoned darts
 y - 14 arrows
Armour
 l - a +0 ring mail (worn)
Jewellery
 B - a ring of poison resistance (left hand)
Wands
 g - a wand of digging (3)
 s - a wand of charming (14)
Scrolls
 c - a scroll of fog
 e - a scroll of amnesia {unknown}
 h - a scroll of blinking {unknown}
 k - 2 scrolls of holy word {unknown}
 n - a scroll of teleportation {unknown}
 p - a scroll of enchant armour {unknown}
 r - a scroll of summoning {unknown}
 t - a scroll of enchant weapon {unknown}
 u - a scroll of torment {unknown}
 A - a scroll of magic mapping
Potions
 i - a potion of ambrosia {unknown}
 j - 4 potions of curing
 m - a potion of haste
 o - 2 potions of cancellation
 v - a potion of flight {unknown}
 w - a potion of lignification {unknown}
 z - a potion of might {unknown}


   Skills:
 + Level 5.6 Fighting
 + Level 4.4 Axes
 + Level 0.0 Throwing
 + Level 4.0 Armour
 + Level 4.5 Dodging
 - Level 4.5 Stealth
 + Level 3.7 Evocations


You had 6 spell levels left.
You didn't know any spells.
Your spell library was empty.

Dungeon Overview and Level Annotations

Branches:
Dungeon (5/15)
 Temple: D:4-7

Altars:
The Shining One

Annotations:
D:5 1 transporter, DocClef's ghost, weakling GnDe


Innate Abilities, Weirdness & Mutations

You are amphibious.
You cover ground slowly.
You can hop short distances.
You have an extended range of vision and can be seen from far away.


Message History

DocClef's ghost closely misses you.
Hop to where?
Press: ? - help, Dir - move target Boing!
The gnoll sergeant hits you with a +0 spear!
The gnoll shaman hits you with a +0 club.
The gnoll sergeant hits you from afar with a +0 spear of venom.
Okay, then.
You feel yourself speed up. The gnoll hits you but does no damage.
The gnoll sergeant hits you but does no damage.
The gnoll shaman hits you with a +0 club.
The gnoll sergeant barely misses you.
The gnoll hits you from afar with a +2 spear of venom.
The gnoll sergeant hits you with a +0 spear!
* * * LOW HITPOINT WARNING * * *
There is an open translucent door here.
Okay, then.
Unknown command.
Okay, then.
It was a potion of heal wounds.
You feel much better.
The gnoll hits you with a +2 spear of venom.
The gnoll hits you with a +0 whip. The gnoll sergeant closely misses you.
The gnoll sergeant hits you with a +0 spear.
Really attack while wielding your +2 shortbow of freezing? [Y]es or [N]o only, please.
Really attack while wielding your +2 shortbow of freezing?
Okay, then.
Your +2 shortbow of freezing stops glowing.
You hear the crackle of electricity.
a - a +1 dagger of electrocution (weapon)
The gnoll hits you from afar with a +0 halberd!
* * * LOW HITPOINT WARNING * * *
You hit the gnoll. Lightning courses through the gnoll!
The gnoll is almost dead.
The gnoll barely misses you. The gnoll hits you with a +0 whip.
* * * LOW HITPOINT WARNING * * *
The gnoll sergeant hits you with a +0 spear.
* * * LOW HITPOINT WARNING * * *
The gnoll sergeant hits you from afar with a +2 vampiric spear!
You die...

####.####....#####.######.###
#...........................#
#.≈≈≈≈≈≈≈≈≈≈≈≈≈≈≈≈≈≈≈≈≈≈≈≈≈.#
#.≈≈≈≈≈≈≈≈≈≈≈≈≈≈≈≈≈≈≈≈≈≈≈≈≈.#
#.≈≈#####...........#####≈≈.#
#.≈≈#.8.#.###.©.###.#.8.#≈≈.#
#.≈≈#...###.#####.###...#≈≈.##
#.≈≈###.....g..g......###≈≈..#
#.≈≈.8#.##'###@######.#8.≈≈..#
#.≈≈.##.#...#gg8#=.$#.##.≈≈..##
###.≈≈.#..'....ggW#:.$'..#.≈≈....
....≈≈.##.#...#gg8#(/$#.##.≈≈..##
###.≈≈.8#.##'###g######.#8.≈≈..#
#.≈≈###.......g.......###≈≈..#
###.≈≈#...###g#####©###...#≈≈..#
##..≈≈#.8.#.###.©.###.#.8.#≈≈..#
....≈≈#####...........#####≈≈..#


You could see 3 gnoll sergeants, a gnoll shaman, DocClef's ghost and 6 gnolls.

Vanquished Creatures
  A water moccasin (D:5)
  A centaur (D:5)
  An ogre (D:3)
  A scorpion (D:4)
  2 hounds
  Natasha (thrice) (D:2)
  2 iguanas (D:5)
  A hound skeleton (D:4)
  5 adders
  A worm (D:4)
  6 dart slugs
  15 orcs
  3 endoplasms
  2 giant cockroaches
  2 goblins
  4 hobgoblins
  16 jackals
  7 kobolds
  5 quokkas
  11 ball pythons
  5 bats
  A frilled lizard (D:1)
  6 rats
101 creatures vanquished.

Vanquished Creatures (others)
  A hound (D:5)
  6 plants (D:5)
7 creatures vanquished.

Grand Total: 108 creatures vanquished

Notes
Turn   | Place    | Note
-------+----------+-------------------------------------------
     0 | D:5      | flotson the Barachi Delver began the quest for the Orb.
     0 | D:5      | Reached XP level 1. HP: 18/18 MP: 1/1
     9 | D:5      | Noticed a gnoll sergeant
    21 | D:5      | Found a transporter.
    22 | D:5      | Identified the +3 buckler of the Eleven Curses {*Slow rElec
                  | rN+++}
    22 | D:5      | Noticed a gnoll sergeant
    29 | D:5      | Found a transporter.
    32 | D:5      | Noticed a gnoll sergeant
    33 | D:5      | Noticed DocClef's ghost (weakling GnDe)
    35 | D:5      | Noticed a gnoll shaman
   188 | D:5      | Reached XP level 2. HP: 13/25 MP: 2/2
   368 | D:4      | Noticed an ogre
   404 | D:3      | Reached skill level 1 in Armour
   404 | D:3      | Reached skill level 1 in Evocations
   611 | D:3      | Reached XP level 3. HP: 25/30 MP: 3/3
   666 | D:3      | Noticed Natasha
   694 | D:2      | Reached skill level 4 in Fighting
   703 | D:2      | Killed Natasha
   704 | D:2      | Reached XP level 4. HP: 8/37 MP: 4/4
   736 | D:2      | Noticed Natasha
  1766 | D:1      | Found a faded altar of an unknown god.
  2118 | D:2      | Reached XP level 5. HP: 34/43 MP: 5/5
  2249 | D:2      | Killed Natasha
  2648 | D:2      | Noticed Natasha
  2659 | D:2      | Killed Natasha
  2903 | D:3      | Reached XP level 6. HP: 45/49 MP: 6/6
  3524 | D:3      | You fall into a shaft and drop 1 floor!
  3534 | D:3      | Reached skill level 5 in Fighting
  3661 | D:4      | Found a glowing golden altar of the Shining One.
  4622 | D:5      | Reached XP level 7. HP: 28/56 MP: 7/7
  5790 | D:5      | Slain by a gnoll sergeant

Illustrated notes

Levels and vault maps discovered:
D:1:      shiori_arrival_elements, layout_basic,
          shapermc_ecumenical_altar_pompeii, minmay_pentomino_w2
D:2:      layout_loops_ring
D:3:      layout_basic, hangedman_decor_diamond_cutter,
          corexii_item_surrounded_by_moat, uniq_natasha
D:4:      layout_basic, tso_metal_star, grunt_ministairs_10
D:5:      layout_loops_ring, gammafunk_ghost_gnarly_gnolls

Skill      XL: |  1  2  3  4  5  6  7 |
---------------+----------------------+-----
Armour         | 1 2 3 4 |  4.0
Evocations     | 1 2 3 |  3.7
Fighting       | 4 5 |  5.6
Dodging        | 3 4 |  4.5
Axes           | 3 4 |  4.4
Stealth        | |  4.5

Action                   |  1- 3 |  4- 6 |  7- 9 || total
-------------------------+-------+-------+-------++-------
Melee: Hand axe          |    34 |       |       ||    34
       Dagger            |    14 |   241 |    41 ||   296
 Fire: Shortbow          |       |       |    14 ||    14
 Abil: Hop               |     3 |     2 |     2 ||     7
Evoke: Wand              |       |       |     1 ||     1
  Use: Potion            |     2 |       |     2 ||     4
       Scroll            |     1 |     3 |     2 ||     6
 Stab: Sleeping          |     2 |    13 |       ||    15
Armor: Leather armour    |    13 |    14 |       ||    27
       Ring mail         |       |    54 |     9 ||    63
Dodge: Dodged            |    46 |   172 |    35 ||   253

Table legend: (Time is in decaauts)
 A = Elapsed time spent in this place.
 B = Non-inter-level travel time spent in this place.
 C = Inter-level travel time spent in this place.
 D = Time resting spent in this place.
 E = Time spent auto-exploring this place.
 F = Levels seen in this place.
 G = Mean time per level.
                   A        B        C        D        E       F      G
               +--------+--------+--------+--------+--------+-----+--------+
         Total |   6370 |   6145 |    225 |    210 |   4883 |   5 | 1274.0 |
       Dungeon |   6370 |   6145 |    225 |    210 |   4883 |   5 | 1274.0 |
               +--------+--------+--------+--------+--------+-----+--------+

Top non-repeatable levels by time:
     D:5: 1604 daAuts
     D:1: 1467 daAuts
     D:4: 1247 daAuts
     D:3: 1093 daAuts
     D:2: 958 daAuts
